 Dungeon Crawl Stone Soup version 0.30-a0-313-gae38170b09 (webtiles) character file.

Game seed: 5060136884269940500

105835 Ge0ff the Destroyer (level 15, -1/69 HPs)
             Began as a Felid Fire Elementalist on Oct 26, 2022.
             Was a High Priest of Ignis.
             Succumbed to a naga sharpshooter's splash of poison
             ... on level 4 of the Snake Pit.
             The game lasted 02:03:54 (60036 turns).

Ge0ff the Destroyer (Felid Fire Elementalist)      Turns: 60036, Time: 02:03:55

Health: -1/69      AC:  7    Str:  4    XL:     15   Next: 95%
Magic:  11/39      EV: 27    Int: 29    God:    Ignis [*****.]
Gold:   1070       SH:  0    Dex: 19    Spells: 0/35 levels left
                                        Lives:  0   Deaths: 4

rFire   + . .      SeeInvis +    (weapon unavailable)
rCold   + . .      Faith    .    (shield unavailable)
rNeg    . . .      Spirit   .    (body armour unavailable)
rPois   .          Reflect  .    (helmet unavailable)
rElec   .          Harm     .    (cloak unavailable)
rCorr   .          Rampage  .    (gloves unavailable)
Will    ++...                    (boots unavailable)
Stlth   +++.......               Q - amulet of Wiolek {Acrobat Int+7}
HPRegen 0.31/turn                w - ring of magical power
MPRegen 0.26/turn                o - +4 ring of protection {=R}

@: lethally poisoned (-1 -> -7), quick
A: very small, claws 1, fangs 3, see invisible, speed 1, shaggy fur 3, stealthy
paws, no weapons or thrown items, no armour, multi-lived, noise suppression
a: Renounce Religion, Fiery Armour, Foxfire Swarm, Rising Flame


You were on level 4 of the Snake Pit.
You worshipped Ignis.
Ignis was extremely pleased with you.
You visited 5 branches of the dungeon, and saw 30 of its levels.
You also visited: Sewer and Gauntlet.

You collected 3070 gold pieces.
You spent 2000 gold pieces at shops.

Inventory:

Jewellery
 l - a +4 ring of evasion
 n - an amulet of magic regeneration
 o - a +4 ring of protection (right paw) {=R}
 p - a ring of positive energy
 r - a ring of fire
 v - a ring of protection from cold
 w - a ring of magical power (left paw)
 x - a ring of resist corrosion
 y - a ring of willpower
 D - a ring of willpower
 G - a +4 ring of protection
 J - a ring of flight
 Q - the amulet of Wiolek (around neck) {Acrobat Int+7}
   (You found it on level 7 of the Dungeon)

   [amulet of the acrobat]

   It increases your evasion while moving and waiting.
   Int:       It affects your intelligence (+7).
 Y - a +6 ring of dexterity
Wands
 d - a wand of digging (20)
 e - a wand of charming (15)
 f - a wand of flame (16)
 k - a wand of iceblast (9)
 s - a wand of mindburst (18)
 P - a wand of polymorph (2)
Scrolls
 m - 4 scrolls of magic mapping
 B - a scroll of blinking
 C - 2 scrolls of poison
 E - a scroll of fear
 F - 5 scrolls of fog
 T - 8 scrolls of teleportation
 V - 2 scrolls of vulnerability
Potions
 q - 20 potions of curing
 u - 10 potions of mutation {!q}
 z - 4 potions of brilliance
 A - 4 potions of attraction
 H - 4 potions of haste {!q}
 I - a potion of invisibility
 K - 4 potions of magic {!q}
 L - 8 potions of lignification
 M - 9 potions of might
 N - a potion of cancellation {!q}
 R - a potion of resistance
 W - 4 potions of heal wounds {!q}
 X - 4 potions of flight
 Z - a potion of berserk rage {!q}
Miscellaneous
 c - a condenser vane (inert)
 t - a tin of tremorstones (1/2)
 O - a box of beasts
 S - a piece from Xom's chessboard (15/15)
 U - a phantom mirror


   Skills:
 - Level 10.0 Fighting
 - Level 13.1 Dodging
 - Level 5.0 Stealth
 - Level 10.5 Spellcasting
 + Level 14.3 Conjurations
 + Level 8.1 Hexes
 - Level 3.0 Summonings
 - Level 3.0 Translocations
 - Level 12.0 Transmutations
 - Level 13.8 Fire Magic
 - Level 6.0 Air Magic
 - Level 10.0 Poison Magic
 - Level 4.0 Evocations


You couldn't memorise any spells.
You knew the following spells:

 Your Spells              Type           Power      Damage    Failure   Level
a - Foxfire               Conj/Fire      100%       2x1d9     0%          1
c - Blink                 Tloc           64%        N/A       1%          2
d - Call Canine Familiar  Summ           32%        N/A       3%          3
g - Apportation           Tloc           64%        N/A       1%          1
i - Ignite Poison         Fire/Tmut/Pois 71%        N/A       1%          3
j - Inner Flame           Hex/Fire       68%        N/A       1%          3
n - Scorch                Fire           100%       2d10      1%          2
r - Olgreb's Toxic Radia  Pois           65%        N/A       1%          4
s - Fireball              Conj/Fire      38%        3d16      1%          5
v - Poisonous Vapours     Pois/Air       100%       N/A       1%          2
C - Fulminant Prism       Conj/Hex       34%        3d16      1%          4
E - Irradiate             Conj/Tmut      37%        3d24      1%          5

Your spell library contained the following spells:

 Spells                   Type           Power      Damage    Failure   Level
 Magic Dart               Conj           100%       1d8       0%          1
 Searing Ray              Conj           100%       2d8       0%          2
 Sting                    Tmut/Pois      100%       1d8       1%          1
 Summon Small Mammal      Summ           100%       N/A       1%          1
 Ensorcelled Hibernation  Hex/Ice        76%        N/A       1%          2
 Momentum Strike          Conj/Tloc      100%       3d10      1%          2
 Dazzling Flash           Conj/Hex       100%       N/A       1%          3
 Hailstorm                Conj/Ice       54%        3d12      1%          3
 Kindle Blastsparks       Fire/Tloc/Air  100%       2d18      1%          3
 Spider Form              Tmut/Pois      68%        N/A       1%          3
 Vhi's Electric Charge    Tloc/Air       82%        N/A       1%          3
 Flame Wave               Conj/Fire      77%        2d17      1%          4
 Sticky Flame             Conj/Fire      77%        2d9       1%          4
 Alistair's Intoxication  Tmut/Pois      45%        N/A       1%          5
 Arcjolt                  Conj/Air       32%        1d42      1%          5
 Blade Hands              Tmut           35%        N/A       1%          5
 Lightning Bolt           Conj/Air       32%        1d50      1%          5
 Yara's Violent Unravell  Hex/Tmut       32%        3d13      1%          5
 Starburst                Conj/Fire      38%        6d11      1%          6
 Freeze                   Ice            60%        1d7       3%          1
 Necrotise                Necr           60%        1d7       3%          1
 Lesser Beckoning         Tloc           64%        N/A       3%          3
 Airstrike                Air            25%        2d(4-20)  3%          4
 Petrify                  Tmut/Erth      50%        N/A       3%          4
 Summon Lightning Spire   Summ/Air       41%        N/A       5%          4
 Silence                  Hex/Air        27%        N/A       5%          5
 Freezing Cloud           Conj/Ice/Air   26%        6-21      6%          5
 Eringya's Noxious Bog    Tmut/Pois      34%        N/A       6%          6
 Anguish                  Hex/Necr       19%        N/A       7%          4
 Leda's Liquefaction      Hex/Erth       19%        N/A       7%          4
 Frozen Ramparts          Ice            30%        1d5       11%         3
 Vampiric Draining        Necr           15%        2d7       11%         3
 Metabolic Englaciation   Hex/Ice        19%        N/A       19%         5
 Dragon Form              Tmut           35%        N/A       22%         7
 Animate Dead             Necr           15%        N/A       34%         4
 Dispel Undead            Necr           15%        3d10      34%         4
 Statue Form              Tmut/Erth      33%        N/A       43%         6
 Agony                    Necr           15%        N/A       69%         5
 Borgnjor's Vile Clutch   Necr/Erth      7%         N/A       69%         5
 Enfeeble                 Hex            29%        N/A       71%         7
 Infestation              Necr           7%         N/A       100%        8
 Maxwell's Capacitive Co  Air            25%        ∞         100%        8
 Portal Projectile        Hex/Tloc       Unusable   N/A       N/A         3

Dungeon Overview and Level Annotations

Branches:
Dungeon (15/15) Zot: 23036  Temple (0/1) D:4            Lair (5/5) D:11 Zot: 25244
  Swamp (4/4) Lair:3 Zot: 26799   Snake (4/4) Lair:2 Zot: 14640   Slime (0/5) Lair:5
    Orc (2/2) D:11 Zot: 8811     Elf (0/3) Orc:2        Vaults (0/5) D:14
 Depths (0/4) D:15          Sewer (visited)         Gauntlet (visited)

Altars:
Ashenzari
Cheibriados
Dithmenos
Elyvilon
Kikubaaqudgha
Makhleb
Nemelex Xobeh
Qazlal
Sif Muna
Trog
Xom
Yredelemnul
Ignis
Jiyva

Shops:
D:4 :   D:10 ::[(*   Orc:2 (*=[   Snake:2 ::   Snake:3 [

Annotations:
D:15 3 runed translucent doors (LRD ghost), Tenar's ghost, journeyman DgIE
Swamp:3 exclusion: downstairs
Snake:4 1 exclusion


Innate Abilities, Weirdness & Mutations

You have sharp claws.
You have razor-sharp teeth.
You have supernaturally acute eyesight. (SInv)
You cover ground quickly. (Speed+)
Your thick and shaggy fur keeps you warm. (AC +3, rC+)
Your paws help you pounce on unaware monsters.
You are incapable of wielding weapons or throwing items.
You cannot wear armour.
You gain extra lives every three experience levels.
You passively dampen the noise of your surroundings.


Message History

Aiming: Fireball (dangerous; 1% risk of failure)
Press: ? - help, Shift-Dir - straight line, f - naga warrior
Aim: a naga warrior, wielding a +0 halberd (flame, moderately wounded)
The fireball explodes!
The fireball engulfs the naga warrior!!
The naga warrior is severely wounded.
The fireball engulfs the naga sharpshooter!
The naga sharpshooter resists.
The naga sharpshooter is heavily wounded.
The naga sharpshooter is engulfed in blazing flames.
The naga sharpshooter mumbles some strange words.
The naga sharpshooter magically shoots an arrow.
The arrow misses you.
The naga warrior is engulfed in blazing flames.
The naga warrior spits poison at you. The splash of poison misses you.
Casting: Fireball (dangerous; 1% risk of failure)
Confirm with . or Enter, or press ? or * to list all spells.
Aiming: Fireball (dangerous; 1% risk of failure)
Press: ? - help, Shift-Dir - straight line, f/p - naga warrior
Aim: a naga warrior, wielding a +0 halberd (flame, almost dead, catching its breath)
The fireball explodes!
The fireball engulfs the naga warrior!
The naga warrior is almost dead.
The fireball engulfs the naga sharpshooter!
The naga sharpshooter resists.
The naga sharpshooter is severely wounded.
You hear a shout!
The naga sharpshooter is engulfed in blazing flames.
The naga sharpshooter casts a spell.
The naga sharpshooter magically shoots an arrow.
The arrow misses you.
The naga warrior is engulfed in blazing flames.
You kill the naga warrior!
You hear a shout! x2
Casting: Fireball (dangerous; 1% risk of failure)
Confirm with . or Enter, or press ? or * to list all spells.
Aiming: Fireball (dangerous; 1% risk of failure)
Press: ? - help, Shift-Dir - straight line The fireball explodes!
The fireball engulfs the naga sharpshooter.
The naga sharpshooter resists.
The naga sharpshooter is almost dead.
The naga sharpshooter is engulfed in blazing flames.
The naga sharpshooter spits poison at you.
The splash of poison hits you.
You are poisoned.
A salamander tyrant comes into view.
The tremorstone explodes into fragments!
The burst of rock shards engulfs you! The burst of rock shards engulfs you!!
* * * LOW HITPOINT WARNING * * *
You die...

###.#####........#...
.#####...........#.......#
.....<...................#
....##.............#..)...
#.####.....<.........#...#
.......#####.#####........
).........##§#...#......?.
...######.NN§......#.###..
..... #..##...@<.#.#
..##.# ##.###...#........
###...##...############.#
#.............#
#.............#
#.............#
#....#.....#..#
#.............#
##..#........##


You could see a naga sharpshooter (catching breath) and a salamander tyrant.

Vanquished Creatures
  A tentacled monstrosity (Swamp:3)
  Mlioglotl (Snake:4)
  Frances (Swamp:2)
  Gastronok (D:9)
  Kirke (Snake:3)
  Roxanne (Snake:3)
  Agnes (D:15)
  3 nagarajas
  Aizul (Snake:3)
  A ghoul (Swamp:2)
  An orc warlord (Orc:2)
  A stone giant (D:15)
  5 reapers (D:13)
  4 eleionomae
  A minotaur (Gauntlet)
  4 bunyips
  Snorg (D:13)
  Josephine (D:13)
  An entropy weaver (Gauntlet)
  A salamander tyrant (Snake:3)
  Erolcha (D:9)
  13 hydras
  3 centaur warriors
  3 ghost crabs
  A merfolk avatar (Lair:5)
  7 anacondas
  2 boulder beetles
  2 dancing weapons (D:14)
  4 two-headed ogres
  6 alligators
  11 death yaks
  10 naga warriors
  3 shock serpents
  7 tengu warriors
  An orc high priest (Orc:2)
  7 naga sharpshooters
  3 salamander mystics
  A sea snake (Lair:5)
  3 spriggan druids (Swamp:3)
  4 naga ritualists
  8 swamp dragons
  Lodul (D:13)
  6 goliath frogs
  Pikel (D:6)
  4 bog bodies
  A harpy (Lair:5)
  7 orc knights
  An oklob plant (Lair:3)
  A necromancer (Gauntlet)
  6 mana vipers
  11 ugly things (D:15)
  11 salamanders
  A will-o-the-wisp (Swamp:1)
  3 cyclopes
  4 orc sorcerers
  9 manticores
  Maurice (Orc:1)
  7 elephants
  Joseph (D:8)
  2 guardian serpents (Snake:3)
  14 naga magi
  An eye of devastation (shapeshifter) (D:13)
  28 black mambas
  2 gargoyles
  10 cane toads
  2 unseen horrors (D:11)
  A torpor snail (Lair:3)
  3 minotaur zombies (Gauntlet)
  Maggie (D:6)
  Psyche (D:9)
  A yaktaur (D:15)
  A freezing wraith (D:15)
  9 komodo dragons
  3 rime drakes
  A tengu conjurer (D:13)
  4 guardian mummies (D:13)
  3 meliai (D:15)
  A meliai (shapeshifter) (D:14)
  2 bloated husks (Swamp:2)
  A hydra zombie (Swamp:2)
  6 trolls
  9 tyrant leeches
  9 hornets
  2 wind drakes (Lair:5)
  6 slime creatures (D:13)
  6 polar bears
  Prince Ribbit (D:6)
  28 blink frogs
  4 dream sheep (Lair:3)
  A hornet (shapeshifter) (D:14)
  Sigmund (D:6)
  2 jumping spiders (Gauntlet)
  The ghost of gabibbone the Skirmisher, an amateur DEHu (D:4)
  A shadow (D:10)
  4 wyverns
  5 wraiths
  2 humans (Snake:3)
  7 spriggans
  A hog (shapeshifter) (D:15)
  4 hogs (Snake:3)
  A basilisk (Lair:5)
  39 yaks
  16 vampire mosquitoes
  3 steam dragons
  4 wargs
  34 nagas
  5 acid dragons
  8 swamp worms
  12 water moccasins
  A sky beast (D:8)
  22 orc warriors
  An ice beast (D:6)
  3 black bears (D:11)
  4 swamp drakes
  7 wolves
  14 ogres
  9 centaurs
  3 lemures
  2 phantoms
  6 kobold brigands
  Blork the orc (D:5)
  8 bullfrogs
  2 gnoll sergeants (D:11)
  3 necrophages
  5 scorpions
  4 wights (D:9)
  9 killer bees
  4 howler monkeys
  5 hounds
  2 quasits (D:6)
  18 orc priests
  12 jellies
  Crazy Yiuf (D:6)
  Ijyb (D:4)
  7 iguanas
  26 orc wizards
  4 mummies (D:13)
  5 gnolls
  5 river rats
  17 adders
  2 shadow imps
  A white imp (D:7)
  An ufetubus (D:5)
  7 worms
  A dart slug (D:1)
  66 orcs
  5 bats
  21 endoplasms
  9 giant cockroaches
  8 goblins
  5 hobgoblins
  3 quokkas
  12 ball pythons
  4 frilled lizards
  11 kobolds
  9 rats
897 creatures vanquished.

Vanquished Creatures (collateral kills)
  Nikola (Swamp:3)
  An alligator (Swamp:3)
  A naga ritualist (Snake:1)
  A mana viper (Snake:1)
  A howler monkey (D:9)
5 creatures vanquished.

Vanquished Creatures (others)
  A bunyip (Swamp:2)
  A hydra (Swamp:2)
  Erica (D:8)
  A goliath frog (Swamp:2)
  15 demonic plants (Gauntlet)
  523 foxfires
  21 fulminant prisms (Snake:3)
  69 fungi
  120 plants
752 creatures vanquished.

Grand Total: 1654 creatures vanquished

Notes
Turn   | Place    | Note
-------+----------+-------------------------------------------
     0 | D:1      | Ge0ff the Felid Fire Elementalist began the quest for the
                  | Orb.
     0 | D:1      | Reached XP level 1. HP: 7/7 MP: 4/4
   115 | D:1      | Reached skill level 1 in Conjurations
   347 | D:1      | Reached XP level 2. HP: 12/12 MP: 1/6
   576 | D:1      | Learned a level 2 spell: Scorch
   683 | D:1      | Reached XP level 3. HP: 13/15 MP: 2/7
  1020 | D:1      | Found a faded altar of an unknown god.
  1027 | D:1      | Prayed at the altar of an unknown god.
  1027 | D:1      | Became a worshipper of Ignis, the Dying Flame
  1095 | D:2      | Reached skill level 2 in Conjurations
  1212 | D:2      | Found a bloodstained altar of Trog.
  2500 | D:3      | Reached XP level 4. HP: 18/18 MP: 5/8
  2507 | D:3      | Learned a level 2 spell: Blink
  2786 | D:3      | Found a sparkling altar of Nemelex Xobeh.
  2969 | D:3      | Reached skill level 1 in Translocations
  3071 | D:3      | Reached XP level 5. HP: 21/21 MP: 2/9
  3079 | D:3      | Learned a level 3 spell: Inner Flame
  3862 | D:4      | Reached skill level 3 in Conjurations
  3955 | D:4      | Found a large runed translucent door.
  3955 | D:4      | Found a large runed translucent door.
  3960 | D:4      | Noticed gabibbone's ghost (amateur DEHu)
  4071 | D:4      | Found Iniuxel's Book Shop.
  4079 | D:4      | Found a staircase to the Ecumenical Temple.
  4625 | D:4      | Gained mutation: You are covered in thick fur. (AC +2)
                  | [Felid growth]
  4625 | D:4      | Reached XP level 6. HP: 8/25 MP: 1/10
  5614 | D:4      | Reached skill level 4 in Conjurations
  5708 | D:4      | Noticed Ijyb
  5828 | D:4      | Killed Ijyb
  5970 | D:4      | Identified the +4 arbalest "Tiommuj" {antimagic, rC- rN+
                  | rCorr}
  6437 | D:5      | Entered Level 5 of the Dungeon
  6463 | D:5      | Reached skill level 1 in Hexes
  6463 | D:5      | Reached skill level 5 in Fire Magic
  6463 | D:5      | Reached XP level 7. HP: 17/28 MP: 5/11
  6646 | D:5      | HP: 1/28 [cloud of flame (3)]
  6674 | D:5      | Found a glowing drain.
  6678 | Sewer    | Entered a sewer
  6777 | Sewer    | Reached skill level 5 in Conjurations
  7046 | Sewer    | Reached XP level 8. HP: 31/31 MP: 8/12
  7421 | Sewer    | Reached skill level 1 in Fighting
  7573 | Sewer    | Reached skill level 5 in Hexes
  7953 | D:5      | Identified the +2 cloak "Lasch" {rF+ rC+ Dex+2}
  8033 | D:5      | Found a snail-covered altar of Cheibriados.
  8098 | D:5      | Found a broken altar of Ashenzari.
  8105 | D:5      | Found a basalt altar of Yredelemnul.
  8229 | D:5      | Found a shimmering blue altar of Sif Muna.
  8287 | D:5      | Noticed Blork the orc
  8290 | D:5      | Killed Blork the orc
  8494 | D:5      | Found a shimmering altar of Xom.
  8494 | D:5      | Found an ancient bone altar of Kikubaaqudgha.
  8540 | D:5      | Reached skill level 6 in Conjurations
  8693 | D:5      | Found a basalt altar of Yredelemnul.
  8697 | D:5      | Found a snail-covered altar of Cheibriados.
  8703 | D:5      | Found a broken altar of Ashenzari.
  8703 | D:5      | Found a shimmering blue altar of Sif Muna.
  9108 | D:6      | Noticed Sigmund
  9151 | D:6      | Noticed Pikel
  9371 | D:6      | Killed Pikel
  9372 | D:6      | Reached XP level 9. HP: 35/35 MP: 6/14
  9528 | D:6      | Found Yhiahiar's Magic Scroll Emporium.
  9536 | D:6      | Bought a scroll of magic mapping for 90 gold pieces
  9536 | D:6      | Bought a scroll of poison for 48 gold pieces
  9536 | D:6      | Bought a scroll of teleportation for 36 gold pieces
  9536 | D:6      | Bought a scroll of identify for 24 gold pieces
  9536 | D:6      | Bought a scroll of fear for 48 gold pieces
  9590 | D:6      | Killed Sigmund
  9701 | D:6      | Noticed Prince Ribbit
  9975 | D:6      | Noticed a troll
 10005 | D:6      | Noticed Maggie
 10571 | D:7      | Identified the +4 chain mail of the Gazing Gods {Slay+5}
 10648 | D:7      | Learned a level 1 spell: Apportation
 10652 | D:7      | Learned a level 3 spell: Call Canine Familiar
 10688 | D:7      | Found a shadowy altar of Dithmenos.
 10824 | D:7      | Found a bloodstained altar of Trog.
 11039 | D:7      | Identified the amulet of Wiolek {Acrobat Int+7}
 11183 | D:8      | Noticed Joseph
 11351 | D:8      | Reached skill level 1 in Summonings
 11358 | D:8      | Reached skill level 10 in Fire Magic
 11572 | D:8      | Noticed a troll
 11789 | D:4      | Found a staircase to the Ecumenical Temple.
 11808 | D:4      | Found Iniuxel's Book Shop.
 12265 | D:4      | Killed gabibbone's ghost
 12881 | D:6      | Killed Prince Ribbit
 12936 | D:6      | Found a runed translucent door.
 12937 | D:6      | Noticed Crazy Yiuf
 12958 | D:6      | Killed Crazy Yiuf
 12998 | D:6      | Learned a level 3 spell: Kindle Blastsparks
 13056 | D:6      | Killed a troll
 13161 | D:6      | Killed Maggie
 13162 | D:6      | Reached skill level 1 in Air Magic
 13162 | D:6      | Reached XP level 10. HP: 40/40 MP: 4/17
 13675 | D:8      | Noticed Erica
 13753 | D:8      | Killed Erica
 13754 | D:8      | Reached skill level 5 in Spellcasting
 13758 | D:7      | HP: 2/42 [poisoned by Erica (bolt of poison)]
 14130 | D:8      | Reached skill level 5 in Fighting
 14462 | D:8      | Killed Joseph
 14463 | D:8      | Reached skill level 1 in Evocations
 15104 | D:9      | Noticed Gastronok
 15143 | D:9      | Noticed Psyche
 15154 | D:9      | Killed Psyche
 15330 | D:9      | Reached skill level 7 in Conjurations
 15972 | D:9      | Noticed Erolcha
 15980 | D:9      | Reached XP level 11. HP: 29/47 MP: 8/21
 16216 | D:9      | Killed Erolcha
 16398 | D:6      | Bought a scroll of identify for 24 gold pieces
 16398 | D:6      | Bought a scroll of identify for 24 gold pieces
 16398 | D:6      | Bought 2 scrolls of teleportation for 72 gold pieces
 16398 | D:6      | Bought a scroll of silence for 114 gold pieces
 16503 | D:10     | Entered Level 10 of the Dungeon
 16503 | D:10     | Found Xodiugej's Book Boutique.
 16590 | D:10     | Found a white marble altar of Elyvilon.
 16663 | D:10     | Reached skill level 5 in Stealth
 16686 | D:10     | Found Vaisaonets's Book Emporium.
 16689 | D:10     | Found Lunwaen's Weapon Boutique.
 16744 | D:10     | Found a stormy altar of Qazlal.
 17131 | D:10     | Found Qesmiecs's Antique Armour Shop.
 17198 | D:10     | Found Huenkap's Assorted Antiques.
 17972 | D:11     | Learned a level 3 spell: Ignite Poison
 18054 | D:11     | Reached skill level 5 in Dodging
 18199 | D:11     | Found a staircase to the Orcish Mines.
 18206 | D:11     | Reached skill level 1 in Transmutations
 18224 | D:11     | Reached skill level 1 in Poison Magic
 18401 | D:11     | Found a staircase to the Lair.
 18837 | D:11     | Noticed a boulder beetle
 18848 | D:11     | Killed a boulder beetle
 19035 | D:11     | Demolished by a cyclops
 19036 | D:11     | Reached XP level 10. HP: -20/45 MP: 6/21
 19123 | D:11     | Killed a cyclops
 19167 | D:11     | Killed a gargoyle
 19403 | D:12     | Noticed a two-headed ogre
 19781 | D:12     | Killed a two-headed ogre
 19901 | D:12     | Reached XP level 11. HP: 37/48 MP: 10/22
 19916 | D:12     | Reached skill level 5 in Transmutations
 20377 | D:12     | Noticed a two-headed ogre
 20390 | D:12     | Killed a two-headed ogre
 20423 | D:12     | Reached skill level 5 in Poison Magic
 20739 | D:12     | Noticed a two-headed ogre
 20755 | D:12     | Killed a two-headed ogre
 20876 | D:12     | Noticed a boulder beetle
 21055 | D:12     | Killed a boulder beetle
 21860 | Orc:1    | Entered Level 1 of the Orcish Mines
 22251 | D:10     | Bought a Young Poisoner's Handbook for 320 gold pieces
 22254 | D:10     | Learned a level 2 spell: Poisonous Vapours
 22259 | D:10     | Learned a level 4 spell: Olgreb's Toxic Radiance
 22587 | Orc:2    | Entered Level 2 of the Orcish Mines
 22617 | Orc:2    | Noticed an orc knight
 22618 | Orc:2    | Noticed an orc sorcerer
 22621 | Orc:2    | Killed an orc sorcerer
 22627 | Orc:2    | Killed an orc knight
 22783 | Orc:2    | Noticed an orc sorcerer
 22785 | Orc:2    | Killed an orc sorcerer
 22789 | Orc:2    | Noticed an orc knight
 22824 | Orc:2    | Killed an orc knight
 22937 | Orc:2    | Found a staircase to the Elven Halls.
 23046 | Orc:2    | Noticed an orc knight
 23049 | Orc:2    | Noticed an orc knight
 23050 | Orc:2    | Killed an orc knight
 23051 | Orc:2    | Gained mutation: Your thick and shaggy fur keeps you warm.
                  | (AC +3, rC+) [Felid growth]
 23051 | Orc:2    | Reached XP level 12. HP: 53/53 MP: 6/23
 23541 | Orc:2    | Reached skill level 5 in Air Magic
 23668 | Orc:2    | Noticed an orc warlord
 24076 | Orc:2    | Found a burning altar of Makhleb.
 24175 | Orc:2    | Noticed an orc high priest
 24178 | Orc:2    | Killed an orc high priest
 24554 | Orc:2    | Found Kenebb's General Store.
 24606 | Orc:2    | Killed an orc warlord
 24762 | Orc:2    | Found Tanypt's Antique Weapon Emporium.
 24806 | Orc:2    | Found Qomoal's Jewellery Emporium.
 24823 | Orc:2    | Found Ylonipp's Antique Armour Emporium.
 25040 | Orc:1    | Noticed Maurice
 25043 | Orc:1    | Killed Maurice
 25375 | D:10     | Bought a book of Transfigurations for 400 gold pieces
 25465 | D:9      | Killed Gastronok
 25694 | D:9      | Learned a level 5 spell: Irradiate
 25855 | Lair:1   | Entered Level 1 of the Lair of Beasts
 26527 | Lair:1   | Identified the +1 scale mail of Wackeipn {Fly rF+ MP-9}
 27427 | Lair:2   | Reached XP level 13. HP: 57/57 MP: 11/26
 27586 | Lair:2   | Reached skill level 8 in Conjurations
 27849 | Lair:2   | Found a staircase to the Snake Pit.
 28707 | Lair:3   | Found a staircase to the Swamp.
 28761 | Lair:3   | Reached skill level 9 in Conjurations
 29170 | Lair:3   | Reached skill level 10 in Transmutations
 30850 | Lair:4   | Reached skill level 10 in Conjurations
 31998 | Lair:5   | Entered Level 5 of the Lair of Beasts
 31998 | Lair:5   | Found a viscous altar of Jiyva.
 31998 | Lair:5   | Found a staircase to the Slime Pits.
 32012 | Lair:5   | Reached XP level 14. HP: 22/61 MP: 7/27
 32530 | Lair:5   | Killed from afar by a wind drake
 32531 | Lair:5   | Reached XP level 13. HP: -1/58 MP: 20/26
 32540 | Lair:5   | Found a shadowy altar of Dithmenos.
 33851 | D:10     | Bought a book of Fire for 480 gold pieces
 33964 | D:13     | Noticed Lodul
 33968 | D:13     | Killed Lodul
 34331 | D:13     | Noticed a reaper
 34331 | D:13     | Noticed a reaper
 34331 | D:13     | Noticed a reaper
 34331 | D:13     | Noticed a reaper
 34331 | D:13     | Noticed a reaper
 34688 | D:13     | Noticed Snorg
 34708 | D:13     | Killed Snorg
 35660 | D:13     | Noticed Josephine
 35797 | D:13     | Killed Josephine
 36719 | D:14     | Found a gate leading to a gauntlet.
 36731 | D:14     | Reached XP level 14. HP: 63/63 MP: 17/28
 36782 | Gauntlet | Entered a Gauntlet
 36782 | Gauntlet | Found a transporter.
 36782 | Gauntlet | Found a transporter.
 36851 | Gauntlet | Found a transporter.
 36854 | Gauntlet | Found a transporter.
 36854 | Gauntlet | Found a transporter.
 36867 | Gauntlet | Found a transporter.
 36873 | Gauntlet | Found a transporter.
 36894 | Gauntlet | Found a transporter.
 36895 | Gauntlet | Found a transporter.
 36954 | Gauntlet | Found a transporter.
 36964 | Gauntlet | Found a transporter.
 36992 | Gauntlet | Found a transporter.
 37354 | Gauntlet | Identified the +7 rapier "Komenuuc" {vorpal, rN+ Str+6}
 37556 | Gauntlet | Reached skill level 10 in Dodging
 37789 | Gauntlet | Learned a level 5 spell: Fireball
 37814 | D:14     | Found a gate to the Vaults.
 38691 | D:15     | Entered Level 15 of the Dungeon
 38801 | D:15     | Noticed Tenar's ghost (journeyman DgIE)
 38813 | D:15     | Found a runed translucent gate.
 38814 | D:15     | Found a runed translucent gate.
 38814 | D:15     | Found a runed translucent gate.
 39061 | D:15     | Noticed Agnes
 39324 | D:15     | Reached skill level 11 in Conjurations
 39375 | D:15     | Killed Agnes
 40054 | D:15     | a fire dragon changed into a broodmother
 40054 | D:15     | Noticed a broodmother (glowing shapeshifter)
 40058 | D:15     | a broodmother changed into a ghost moth
 40058 | D:15     | Noticed a ghost moth (glowing shapeshifter)
 40061 | D:15     | a ghost moth changed into a bunyip
 40063 | D:15     | a tyrant leech changed into a broodmother
 40063 | D:15     | Noticed a broodmother (glowing shapeshifter)
 40064 | D:15     | a broodmother changed into a goliath frog
 40304 | D:15     | Noticed a stone giant
 40477 | D:15     | Killed a stone giant
 40576 | D:15     | Found a staircase to the Depths.
 40708 | D:13     | Killed a reaper
 40720 | D:13     | Killed a reaper
 40948 | D:13     | Killed a reaper
 41553 | D:13     | Killed a reaper
 41554 | D:13     | Reached skill level 10 in Spellcasting
 41692 | D:13     | Killed a reaper
 41693 | D:13     | Reached XP level 15. HP: 22/67 MP: 5/30
 43223 | Swamp:1  | Entered Level 1 of the Swamp
 43573 | Swamp:1  | Killed from afar by a swamp worm
 43574 | Swamp:1  | Reached XP level 14. HP: 0/64 MP: 33/38
 43933 | Swamp:1  | Identified the +6 dagger "Sojis" {venom, rElec rC+ SInv}
 44777 | Swamp:2  | Noticed Frances
 44923 | Swamp:2  | Killed Frances
 45038 | Swamp:2  | Reached skill level 12 in Conjurations
 45280 | Swamp:2  | Noticed a ghoul
 45295 | Swamp:2  | Killed a ghoul
 46579 | Swamp:2  | Got the Atlas of Reanimation Made Easy
 46732 | Swamp:3  | Noticed Nikola
 47028 | Swamp:3  | Killed Nikola
 47071 | Swamp:3  | Reached skill level 10 in Fighting
 47318 | Swamp:3  | Reached XP level 15. HP: 69/69 MP: 17/30
 47808 | Swamp:3  | Noticed a tentacled monstrosity
 47959 | Swamp:3  | Killed a tentacled monstrosity
 48784 | Swamp:4  | Entered Level 4 of the Swamp
 49009 | Swamp:3  | Reached skill level 10 in Poison Magic
 49198 | Swamp:4  | Slain by a seven-headed hydra
 49199 | Swamp:4  | Reached XP level 14. HP: -1/66 MP: 14/38
 49260 | Swamp:4  | Noticed a fenstrider witch
 49492 | Snake:1  | Entered Level 1 of the Snake Pit
 49742 | Snake:1  | Reached skill level 13 in Conjurations
 52537 | Snake:2  | Noticed Vashnia
 53173 | Snake:2  | Reached XP level 15. HP: 47/69 MP: 22/30
 53767 | Snake:2  | Found Zoke's Book Emporium.
 53818 | Snake:2  | Found Unopsost's Book Emporium.
 54149 | Snake:2  | Vashnia changed into Vashnia the alligator
 54149 | Snake:2  | Noticed Vashnia
 54152 | Snake:2  | Killed Vashnia the alligator
 54589 | Snake:2  | Noticed a nagaraja
 54592 | Snake:2  | Killed a nagaraja
 56253 | Snake:3  | Noticed Roxanne
 56562 | Snake:3  | Found Donuipt's Antique Armour Shop.
 56562 | Snake:3  | Noticed Aizul
 56571 | Snake:3  | Killed Aizul
 56963 | D:10     | Bought a book of Conjurations for 320 gold pieces
 57130 | Snake:3  | Noticed Kirke
 57135 | Snake:3  | Killed Kirke
 57412 | Snake:3  | Learned a level 4 spell: Fulminant Prism
 57877 | Snake:3  | Reached skill level 14 in Conjurations
 58714 | Snake:3  | Killed Roxanne
 58719 | Snake:3  | Gained mutation: You passively dampen the noise of your
                  | surroundings. [mutagenic glow]
 59102 | Snake:3  | Found Donuipt's Antique Armour Shop.
 59557 | Snake:4  | Entered Level 4 of the Snake Pit
 59706 | Snake:4  | Noticed Mlioglotl
 59715 | Snake:4  | Killed Mlioglotl
 59741 | Snake:4  | Noticed a nagaraja
 59741 | Snake:4  | Noticed a nagaraja
 59894 | Snake:4  | Killed a nagaraja
 59898 | Snake:4  | Killed a nagaraja
 60036 | Snake:4  | HP: 1/69 [shot self (23)]
 60036 | Snake:4  | Succumbed to a naga sharpshooter's splash of poison

Illustrated notes

Levels and vault maps discovered:
D:1:      spicycebolla_arrival_xxxplode, layout_basic,
          dilly_ecumenical_altar_fadedgnrine, nicolae_grassy_gnolls
D:2:      layout_basic, basic_altar, st_stairs_9
D:3:      layout_loops_ring, nemelex_xobeh_ov_fountains_minmay
D:4:      minmay_octagon_keep, layout_basic, minmay_temple_entry_junction,
          serial_shops, kennysheep_mini, ebering_ghost_disaster_area, uniq_ijyb
D:5:      layout_loops_cross, grunt_temple_overflow_open,
          gammafunk_temple_overflow_wave, lightli_sewer_entry_pipes,
          uniq_blork_the_orc
D:6:      cheibrodos_quashed, layout_cave_pools, serial_shops, shop_scrolls,
          uniq_crazy_yiuf_cottage, uniq_prince_ribbit1, uniq_pikel, uniq_maggie,
          uniq_sigmund
D:7:      layout_basic, nicolae_overflow_hidden_temple, marbit_many_paths
D:8:      layout_basic, uniq_joseph, uniq_erica
D:9:      layout_cave_pods, uniq_erolcha, uniq_psyche, uniq_gastronok
D:10:     layout_roguey, grunt_qazlal_clouds, lemuel_doored_altar, serial_shops,
          nicolae_shop_trees, shop, nicolae_stop_n_shop_2, shop,
          nicolae_shop_bloodbath_and_beyond
D:11:     layout_cave_pods, due_lair_maze_entry_diamond, orc_0_dummy
D:12:     layout_small_grid, st_stairs_8
D:13:     lemuel_slime, layout_basic, corexii_leaking_fountain,
          minmay_guarded_unrand_curses, uniq_josephine, uniq_lodul, uniq_snorg
D:14:     layout_roguey, erik_vaults_1, gauntlet_entry_generic,
          minmay_misc_feat_tiny, grunt_ogre_cave, feat_on_display
D:15:     grunt_enter_depths_snipers, layout_irregular_city,
          gammafunk_ghost_split, minmay_tree_intersection, uniq_agnes
Lair:1:   layout_loops_ring, hangedman_lair_unloving_vines
Lair:2:   layout_loops_ring, minmay_snake_entry_guardpost_large
Lair:3:   layout_cave_shapes, minmay_swamp_entry_swarm, serial_bayou_pond_a,
          chequers_serial_rivers_micro_a
Lair:4:   layout_roguey, infiniplex_staircase_pool_2
Lair:5:   gammafunk_lair_ancient_temple, layout_cave_shapes, slime_entry_1,
          basic_altar, serial_bayou_shore_a
Swamp:1:  layout_basic_swamp, nicolae_swamp_very_dense_foliage
Swamp:2:  layout_basic_swamp, evilmike_swamp_ruin_house_1,
          nicolae_swamp_necromancy_gone_wrong, uniq_frances
Swamp:3:  layout_falls_marsh, nicolae_swamp_rocky_clearing, uniq_nikola
Swamp:4:  swamp_alternative, layout_basic_swamp, swamp_pool2
Snake:1:  layout_concentric_octagons, drop_trap
Snake:2:  layout_chambers, serial_bayou_shore_b, minmay_shop_star,
          grunt_megastairs_5, uniq_vashnia
Snake:3:  layout_onion_interference, serial_shops, shop, serial_bayou_shore_b,
          grunt_megastairs_4, uniq_aizul, uniq_kirke, uniq_roxanne
Snake:4:  snake_pit, layout_misc_corridors, serial_shops,
          nicolae_shop_hallway_plus, uniq_mlioglotl
Orc:1:    layout_caves, uniq_maurice
Orc:2:    grunt_orc_cross, layout_caves, david_defended_altar_orc

Skill      XL: |  1  2  3  4  5  6  7  8  9 10 11 12 13 14 15 |
---------------+----------------------------------------------+-----
Conjurations   | 1 2 3 4 5 6 7 10 13 14 | 14.3
Fire Magic     | 3 4 5 8 10 13 | 13.8
Translocations | 2 3 |  3.0
Hexes          | 1 4 5 8 |  8.1
Fighting       | 1 2 5 6 7 8 10 | 10.0
Spellcasting   | 3 4 7 8 9 10 | 10.5
Summonings     | 3 |  3.0
Dodging        | 3 6 5 8 9 12 13 | 13.1
Stealth        | 4 5 |  5.0
Air Magic      | 1 3 4 5 6 |  6.0
Evocations     | 2 4 |  4.0
Transmutations | 4 7 11 12 | 12.0
Poison Magic   | 4 6 7 8 9 10 | 10.0

Action                   |  1- 3 |  4- 6 |  7- 9 | 10-12 | 13-15 || total
-------------------------+-------+-------+-------+-------+-------++-------
Melee: Unarmed           |     7 |    27 |    11 |     6 |    30 ||    81
       Bite              |       |     6 |       |     2 |     8 ||    16
       Punch             |       |       |       |     1 |     1 ||     2
 Cast: Foxfire           |    34 |    39 |    91 |   138 |    10 ||   312
       Scorch            |    18 |    55 |   110 |   180 |    83 ||   446
       Inner Flame       |       |     2 |     7 |    40 |    21 ||    70
       Blink             |       |       |     1 |     1 |    16 ||    18
       Call Canine Famil |       |       |     7 |    35 |    14 ||    56
       Ignite Poison     |       |       |       |    66 |   170 ||   236
       Poisonous Vapours |       |       |       |    53 |   182 ||   235
       Olgreb's Toxic Ra |       |       |       |    20 |    38 ||    58
       Kindle Blastspark |       |       |       |     4 |       ||     4
       Irradiate         |       |       |       |     2 |   158 ||   160
       Fireball          |       |       |       |       |   301 ||   301
       Apportation       |       |       |       |       |     5 ||     5
       Fulminant Prism   |       |       |       |       |    21 ||    21
Invok: Fiery Armour      |       |       |     1 |       |       ||     1
Evoke: Wand              |       |       |     1 |    11 |    23 ||    35
       Condenser vane    |       |       |       |       |     9 ||     9
       Box of beasts     |       |       |       |       |     2 ||     2
       Tin of tremorston |       |       |       |       |     7 ||     7
       Phantom mirror    |       |       |       |       |     2 ||     2
       Piece from Xom's  |       |       |       |       |     5 ||     5
  Use: Scroll            |     3 |     2 |    12 |    14 |    22 ||    53
       Potion            |       |     1 |     1 |     3 |    16 ||    21
 Stab: Sleeping          |     1 |     7 |       |     4 |     2 ||    14
       Invisible         |       |       |       |       |     1 ||     1
       Petrified         |       |       |       |       |     5 ||     5
Armor: Skin              |       |     3 |     7 |    13 |    31 ||    54
Dodge: Dodged            |     8 |    28 |    48 |   128 |   340 ||   552

Table legend: (Time is in decaauts)
 A = Elapsed time spent in this place.
 B = Non-inter-level travel time spent in this place.
 C = Inter-level travel time spent in this place.
 D = Time resting spent in this place.
 E = Time spent auto-exploring this place.
 F = Levels seen in this place.
 G = Mean time per level.
                   A        B        C        D        E       F      G
               +--------+--------+--------+--------+--------+-----+--------+
         Total |  54343 |  52094 |   2249 |   6386 |  39181 |  32 | 1698.2 |
       Dungeon |  26075 |  24735 |   1340 |   2067 |  19442 |  15 | 1738.3 |
          Lair |   7789 |   7378 |    411 |    978 |   5639 |   5 | 1557.8 |
         Swamp |   5692 |   5579 |    113 |   1088 |   3811 |   4 | 1423.0 |
     Snake Pit |   9360 |   9108 |    252 |   1366 |   6736 |   4 | 2340.0 |
  Orcish Mines |   3188 |   3058 |    130 |    400 |   2161 |   2 | 1594.0 |
         Sewer |   1285 |   1285 |      0 |    174 |    934 |   1 | 1285.0 |
      Gauntlet |    953 |    953 |      0 |    311 |    457 |   1 |  953.0 |
               +--------+--------+--------+--------+--------+-----+--------+

Top non-repeatable levels by time:
    D:13: 4263 daAuts
 Snake:3: 3398 daAuts
     D:4: 3380 daAuts
 Snake:1: 3104 daAuts
 Snake:2: 2657 daAuts
    D:12: 2271 daAuts
  Lair:4: 2204 daAuts
   Orc:2: 2139 daAuts
 Swamp:2: 2107 daAuts
 Swamp:3: 1949 daAuts
    D:15: 1699 daAuts
  Lair:3: 1666 daAuts
  Lair:2: 1639 daAuts
     D:9: 1633 daAuts
     D:8: 1563 daAuts
